[Event "Titled Tuesday Blitz June 27 Early 2023"]
[White "Colas, Joshua"]
[Black "Sezdbekov, Ruslan"]
[WhiteFideId "2044447"]
[BlackFideId "13801856"]
[WhiteElo "2623"]
[BlackElo "2796"]
[Result "1-0"]
[Round "5"]
[TimeControl "180+2"]
[Date "2023.06.27"]
[WhiteClock "0:01:18"]
[BlackClock "0:00:20"]
[Board "46"]

1. Nf3 Nf6 2. c4 e6 3. g3 d5 4. Bg2 Be7 5. O-O O-O 6. b3 c5 7. Bb2 Nc6 8. e3 b6 9. Nc3 Bb7 10. cxd5 exd5 11. d4 Re8 12. Rc1 a6 13. dxc5 Bxc5 14. Na4 Be7 15. Nd4 Rc8 16. Nxc6 Bxc6 17. Qd4 Bxa4 18. Qxa4 Rxc1 19. Rxc1 a5 20. Bd4 Bb4 21. Qb5 Re6 22. Qa6 Bc5 23. Bh3 Rd6 24. Bxc5 bxc5 25. Qb5 Ne4 26. Bg2 h6 27. Bxe4 dxe4 28. Qxc5 Rd1+ 29. Kg2 Rd2 30. Rc2 Rxc2 31. Qxc2 Qd5 32. g4 g6 33. h3 h5 34. Qc4 Qe5 35. Qd4 Qe7 36. Qd5 hxg4 37. hxg4 Qb4 38. g5 Kg7 39. Qd4+ Qxd4 40. exd4 Kf8 41. Kg3 Ke7 42. Kf4 Kd6 43. Kxe4 1-0


[Site "https://www.chess.com"]

[Event "Titled Tuesday Blitz June 27 Early 2023"]
[White "Skuhala, Jernej"]
[Black "Harshavardhan G B"]
[WhiteFideId "14605651"]
[BlackFideId "25059009"]
[WhiteElo "2622"]
[BlackElo "2791"]
[Result "0-1"]
[Round "5"]
[TimeControl "180+2"]
[Date "2023.06.27"]
[WhiteClock "0:02:13"]
[BlackClock "0:02:51"]
[Board "47"]

1. e4 e5 2. Nf3 Nc6 3. Bb5 a6 4. Ba4 d6 5. O-O Bg4 6. c3 Qf6 7. d3 Ne7 8. Nbd2 Ng6 9. h3 h5 10. Qc2 Nf4 11. Re1 Bxh3 12. gxh3 Qg6+ 0-1


[Site "https://www.chess.com"]

[Event "Titled Tuesday Blitz June 27 Early 2023"]
[White "Girya, Olga"]
[Black "Weetik, Vjacheslav"]
[WhiteFideId "4195752"]
[BlackFideId "4153472"]
[WhiteElo "2619"]
[BlackElo "2781"]
[Result "0-1"]
[Round "5"]
[TimeControl "180+2"]
[Date "2023.06.27"]
[WhiteClock "0:00:07"]
[BlackClock "0:00:08"]
[Board "48"]

1. d4 Nf6 2. Nf3 e6 3. c4 Bb4+ 4. Bd2 Qe7 5. g3 Nc6 6. a3 Bxd2+ 7. Qxd2 e5 8. d5 Nb8 9. Qg5 e4 10. Nfd2 h6 11. Qf4 d6 12. Nc3 e3 13. Qxe3 Qxe3 14. fxe3 Ng4 15. e4 Ne5 16. Nb5 Kd8 17. Rc1 Nbd7 18. Bh3 a6 19. Bxd7 Bxd7 20. Nd4 Bh3 21. N2f3 Re8 22. Kd2 Ng4 23. Rhe1 Nf6 24. Kc2 Rxe4 25. Kb1 Kd7 26. Ng1 Bg4 27. h3 Rxd4 28. hxg4 Rxg4 29. c5 Nxd5 30. cxd6 cxd6 31. Red1 Ne3 32. Rd3 Re8 33. Nf3 Rxg3 34. Rcc3 Nf5 35. Ne5+ Rxe5 36. Rxg3 Nxg3 37. Rxg3 g5 38. e3 h5 39. Kc2 h4 40. Rh3 Rf5 41. Kd3 Rf2 0-1


[Site "https://www.chess.com"]

[Event "Titled Tuesday Blitz June 27 Early 2023"]
[White "Bryakin, Mikhail"]
[Black "Vlassov, Nikolai"]
[WhiteFideId "4165314"]
[BlackFideId "4103360"]
[WhiteElo "2772"]
[BlackElo "2600"]
[Result "0-1"]
[Round "5"]
[TimeControl "180+2"]
[Date "2023.06.27"]
[WhiteClock "0:00:04"]
[BlackClock "0:00:10"]
[Board "49"]

1. e4 Nc6 2. Nf3 d5 3. exd5 Qxd5 4. Nc3 Qa5 5. d4 Bg4 6. h3 Bxf3 7. Qxf3 O-O-O 8. Be3 e5 9. dxe5 Ba3 10. Bd2 Qxe5+ 11. Qe3 Qxe3+ 12. fxe3 Bxb2 13. Rb1 Ba3 14. Bc4 Nh6 15. g4 Rhe8 16. Be2 Bc5 17. Nd1 f5 18. Rf1 g6 19. Rb5 b6 20. Rb3 Ne5 21. g5 Nhf7 22. Ba6+ Kb8 23. Bb5 c6 24. Be2 Nd6 25. Nf2 Nec4 26. Bc1 Bxe3 27. Nd3 Bxc1 28. Nxc1 Ne3 29. Rf3 Nxc2+ 30. Kf1 Nd4 31. Rbe3 Nxf3 32. Rxf3 Ne4 33. Ra3 Nxg5 34. Nd3 Nxh3 35. Nb4 Nf4 36. Nxc6+ Kc7 37. Bf3 a5 38. Nxd8 Rxd8 39. Re3 Rd2 40. Re7+ Kd6 41. Rxh7 Rxa2 42. Rb7 Kc5 43. Rc7+ Kd4 44. Rc6 Ke3 45. Bd1 Ra1 46. Rd6 Nd3 47. Kg2 Rxd1 48. Re6+ Kd2 49. Rxb6 a4 50. Ra6 Nc5 51. Ra5 Rc1 52. Kg3 Rc4 53. Kf3 Kc3 0-1


[Site "https://www.chess.com"]

[Event "Titled Tuesday Blitz June 27 Early 2023"]
[White "Kilic, Eray"]
[Black "Zavgorodniy, Sergiy"]
[WhiteFideId "44517173"]
[BlackFideId "14110148"]
[WhiteElo "2769"]
[BlackElo "2594"]
[Result "1-0"]
[Round "5"]
[TimeControl "180+2"]
[Date "2023.06.27"]
[WhiteClock "0:01:07"]
[BlackClock "0:00:13"]
[Board "50"]

1. e4 c6 2. Nc3 d5 3. Nf3 Bg4 4. h3 Bxf3 5. Qxf3 dxe4 6. Nxe4 Nd7 7. d4 Ngf6 8. c3 Nxe4 9. Qxe4 Nf6 10. Qc2 e6 11. Bd3 Be7 12. O-O O-O 13. Bd2 g6 14. Rae1 Nd5 15. Bh6 Re8 16. Qd2 Bf8 17. Bg5 Be7 18. f4 b5 19. Rf2 a5 20. Bxe7 Qxe7 21. f5 gxf5 22. Bxf5 Kh8 23. Qh6 f6 24. Rxe6 Qg7 25. Qxg7+ Kxg7 26. Rxc6 Re1+ 27. Kh2 b4 28. c4 Ne3 29. Rc7+ Kh8 30. Rxh7+ Kg8 31. Rh6 Nf1+ 32. Rxf1 Rxf1 33. Be6+ Kg7 34. Rh4 Rf2 35. Rg4+ Kh6 36. c5 Rxb2 37. c6 Rc2 38. d5 Rc5 39. Rd4 Rd8 40. Bd7 Kg5 41. d6 f5 42. h4+ Kf6 43. Rf4 a4 44. Rxb4 Ke5 45. c7 Rxd7 46. Rb5 Rxb5 47. c8=Q Kxd6 48. Qa6+ Kc5 49. Qxa4 Kb6 50. Qf4 Rg7 51. Qh6+ 1-0


[Site "https://www.chess.com"]

[Event "Titled Tuesday Blitz June 27 Early 2023"]
[White "Halkias, Stelios"]
[Black "Iskusnyh, Sergei"]
[WhiteFideId "4201809"]
[BlackFideId "4120027"]
[WhiteElo "2768"]
[BlackElo "2592"]
[Result "1-0"]
[Round "5"]
[TimeControl "180+2"]
[Date "2023.06.27"]
[WhiteClock "0:00:55"]
[BlackClock "0:00:06"]
[Board "51"]

1. Nf3 Nf6 2. c4 e6 3. g3 d5 4. d4 Be7 5. Bg2 O-O 6. O-O c6 7. Nc3 b6 8. Qd3 Nbd7 9. b3 Ba6 10. e4 dxc4 11. bxc4 e5 12. Ne2 exd4 13. Nexd4 Nc5 14. Qc2 Rc8 15. Rd1 Qe8 16. Nf5 Ne6 17. Bb2 Rd8 18. Rxd8 Qxd8 19. Rd1 Qc7 20. Be5 Qb7 21. Nxe7+ Qxe7 22. Bd6 Qe8 23. Bxf8 Qxf8 24. e5 Ne8 25. Bh3 N8c7 26. Rd7 Bc8 27. Bxe6 Nxe6 28. Rxa7 h6 29. Ra8 Nc7 30. Rb8 Qe8 31. Qe4 b5 32. cxb5 Nxb5 33. e6 fxe6 34. Ne5 Nd6 35. Qxc6 Qxc6 36. Nxc6 Kf7 37. f4 Ba6 38. a4 Kf6 39. Ne5 Be2 40. Kf2 Bd1 41. a5 Ne4+ 42. Ke1 Ba4 43. a6 1-0


[Site "https://www.chess.com"]

[Event "Titled Tuesday Blitz June 27 Early 2023"]
[White "Kislinsky, Alexey"]
[Black "Ambartsumova, Karina"]
[WhiteFideId "14108801"]
[BlackFideId "4166299"]
[WhiteElo "2763"]
[BlackElo "2578"]
[Result "1-0"]
[Round "5"]
[TimeControl "180+2"]
[Date "2023.06.27"]
[WhiteClock "0:00:14"]
[BlackClock "0:00:06"]
[Board "52"]

1. e4 e5 2. d4 exd4 3. Qxd4 Nc6 4. Qd3 Nf6 5. Nc3 Be7 6. Bf4 d6 7. O-O-O O-O 8. f3 a6 9. g4 b5 10. h4 Be6 11. h5 Nd7 12. Nd5 Bxd5 13. Qxd5 Nce5 14. Qd2 h6 15. Kb1 Rb8 16. Be3 Nc4 17. Bxc4 bxc4 18. Bd4 Nb6 19. Qa5 c3 20. Bxc3 Nc4 21. Qa4 Nxb2 22. Bxb2 Bf6 23. Rd4 c5 24. Ne2 Qb6 25. Qa3 cxd4 26. Nc1 d3 27. Nxd3 Bxb2 28. Nxb2 Qd4 29. Kc1 Rb6 30. Rd1 Qf6 31. Nc4 Qf4+ 32. Qe3 Qxe3+ 33. Nxe3 Rfb8 34. Rd3 Rc6 35. Nf5 Kf8 36. Nxd6 Rd8 37. e5 Rc5 38. f4 f6 39. exf6 gxf6 40. Kd2 Rc6 41. Nf5 Rxd3+ 42. Kxd3 Rb6 43. Kc3 Rc6+ 44. Kd3 Rb6 45. c4 Rb2 46. c5 Rxa2 47. c6 Ke8 48. Nxh6 a5 49. g5 fxg5 50. fxg5 Rh2 51. g6 Rxh5 52. g7 Rg5 53. g8=Q+ Rxg8 54. Nxg8 Kd8 55. Kc4 Kc7 56. Kb5 a4 57. Ne7 a3 58. Nd5+ Kd6 59. Nb4 Kc7 60. Kc5 Kc8 61. Kb6 Kb8 62. c7+ Kc8 63. Na2 Kd7 64. Kb7 Kd6 65. c8=Q Kd5 66. Qc3 Ke4 67. Qxa3 1-0


[Site "https://www.chess.com"]

[Event "Titled Tuesday Blitz June 27 Early 2023"]
[White "Fonseca Manrique, Enrique"]
[Black "Priasmoro, Novendra"]
[WhiteFideId "5114330"]
[BlackFideId "7105029"]
[WhiteElo "2567"]
[BlackElo "2754"]
[Result "0-1"]
[Round "5"]
[TimeControl "180+2"]
[Date "2023.06.27"]
[WhiteClock "0:00:03"]
[BlackClock "0:01:12"]
[Board "53"]

1. e4 c5 2. Nf3 Nc6 3. Bb5 g6 4. O-O Bg7 5. d3 Nf6 6. Re1 O-O 7. e5 Nd5 8. Nbd2 d6 9. Bxc6 bxc6 10. Nc4 Nb6 11. Na5 Qc7 12. h3 Rb8 13. Nb3 c4 14. dxc4 Nxc4 15. Bf4 dxe5 16. Bg3 f6 17. Qe2 Nd6 18. Rab1 c5 19. Nbd2 Qc6 20. b3 Kh8 21. h4 Bg4 22. Qf1 Nf5 23. Bh2 Rbd8 24. Qc4 Nd4 25. Nxd4 Rxd4 26. Qc3 Rfd8 27. Ne4 Rxe4 28. Rxe4 Qxe4 29. f3 Bxf3 30. gxf3 Qxh4 31. Qxc5 Qg5+ 32. Kf1 Qf5 33. Qxe7 Qxf3+ 34. Kg1 Rc8 35. Rf1 Qe3+ 36. Kh1 h5 37. Rg1 Qe4+ 38. Rg2 Rxc2 39. Bg1 Qxg2# 0-1


[Site "https://www.chess.com"]

[Event "Titled Tuesday Blitz June 27 Early 2023"]
[White "Mahdavi, Reza"]
[Black "Mattheii"]
[WhiteFideId "12595926"]
[WhiteElo "2751"]
[BlackElo "2526"]
[Result "1-0"]
[Round "5"]
[TimeControl "180+2"]
[Date "2023.06.27"]
[WhiteClock "0:01:34"]
[BlackClock "0:00:15"]
[Board "54"]

1. e4 c5 2. Nf3 Nc6 3. Bb5 g6 4. O-O Bg7 5. Re1 Nf6 6. e5 Nd5 7. Nc3 Nc7 8. Bxc6 dxc6 9. Ne4 b6 10. d3 O-O 11. h3 Ne6 12. Be3 Qc7 13. Qd2 Rd8 14. a4 a5 15. Bh6 Bh8 16. Neg5 Nxg5 17. Qxg5 f6 18. Qh4 Bf5 19. Re3 fxe5 20. Rae1 Rd5 21. g4 Bd7 22. c4 Rd4 23. Qxe7 Re8 24. Qh4 Rf4 25. Bxf4 1-0


[Site "https://www.chess.com"]

[Event "Titled Tuesday Blitz June 27 Early 2023"]
[White "Gheorghiu, Calin"]
[Black "Morefield, Jason"]
[WhiteFideId "1200305"]
[BlackFideId "30920825"]
[WhiteElo "2493"]
[BlackElo "2746"]
[Result "0-1"]
[Round "5"]
[TimeControl "180+2"]
[Date "2023.06.27"]
[WhiteClock "0:00:22"]
[BlackClock "0:00:11"]
[Board "55"]

1. h3 e5 2. c4 Nf6 3. g4 d5 4. cxd5 Qxd5 5. Nf3 e4 6. Nc3 Qc6 7. e3 Nbd7 8. Nd4 Qb6 9. g5 c5 10. Nf5 Ne5 11. Nh4 Be7 12. gxf6 Qxf6 13. Nd5 Qxh4 14. Be2 Bd8 15. Bb5+ Kf8 16. Qa4 Nf3+ 17. Ke2 Qh5 18. Nf4 Nd4+ 19. Kf1 Qf3 20. exd4 Qxh1+ 21. Ke2 Qf3+ 22. Ke1 Qxf4 23. dxc5 Bxh3 24. d4 Qf3 25. c6 Bh4 26. Qc2 e3 0-1


[Site "https://www.chess.com"]

[Event "Titled Tuesday Blitz June 27 Early 2023"]
[White "Lorparizangeneh, Shahin"]
[Black "Garrido Outon, Alex"]
[WhiteFideId "12521604"]
[BlackFideId "24516279"]
[WhiteElo "2744"]
[BlackElo "2509"]
[Result "1-0"]
[Round "5"]
[TimeControl "180+2"]
[Date "2023.06.27"]
[WhiteClock "0:01:37"]
[BlackClock "0:00:07"]
[Board "56"]

1. e4 c6 2. Nc3 g6 3. Nf3 d5 4. d4 Bg7 5. h3 dxe4 6. Nxe4 Nf6 7. Nxf6+ exf6 8. Be3 Be6 9. Bd3 O-O 10. O-O Na6 11. a3 Nc7 12. c4 a5 13. b3 Qd7 14. Qc2 Rfe8 15. Rad1 Qd6 16. a4 Na6 17. Qd2 Nb4 18. Bb1 b5 19. axb5 cxb5 20. d5 Bc8 21. c5 Qd8 22. c6 Qd6 23. Bf4 Qc5 24. Rfe1 Rxe1+ 25. Rxe1 Ba6 26. d6 Nxc6 27. d7 Rf8 28. Re8 Nd8 29. Bd6 Qc6 30. Bxf8 Bxf8 31. Rxd8 1-0


[Site "https://www.chess.com"]

[Event "Titled Tuesday Blitz June 27 Early 2023"]
[White "Tanenbaum, Zachary"]
[Black "Boraso, Alessio"]
[WhiteFideId "2060850"]
[BlackFideId "848077"]
[WhiteElo "2743"]
[BlackElo "2483"]
[Result "1-0"]
[Round "5"]
[TimeControl "180+2"]
[Date "2023.06.27"]
[WhiteClock "0:00:03"]
[BlackClock "0:00:02"]
[Board "57"]

1. e4 c5 2. Nf3 Nf6 3. e5 Nd5 4. Nc3 e6 5. Nxd5 exd5 6. d4 Nc6 7. dxc5 Bxc5 8. Qxd5 Qb6 9. Bc4 Bxf2+ 10. Ke2 O-O 11. Rf1 Bc5 12. Ng5 Nd4+ 13. Kd3 Ne6 14. Ne4 d6 15. exd6 Rd8 16. c3 Bxd6 17. Kc2 Bf4 18. Qh5 g6 19. Nf6+ Kg7 20. Qxh7+ Kxf6 21. Rxf4+ Ke5 22. Rxf7 Qc6 23. Bf4+ Nxf4 24. Re1+ Kd6 25. Rf6+ Kc5 26. Rxc6+ bxc6 27. b4+ Kb6 28. Qe7 Bf5+ 29. Kb3 Nd5 30. Bxd5 Rxd5 31. a4 a5 32. bxa5+ Raxa5 33. Qb4+ Ka6 34. Re7 Bd7 35. c4 Rd3+ 36. Kc2 Rd4 37. Kc3 Rd1 38. Kc2 Rd4 39. Qc3 Rd6 40. c5 Bf5+ 41. Kc1 Rd5 42. Qc4+ Rb5 43. axb5+ Ka5 44. Ra7# 1-0


[Site "https://www.chess.com"]

[Event "Titled Tuesday Blitz June 27 Early 2023"]
[White "Sanhueza, Cristian"]
[Black "Boruchovsky, Avital"]
[WhiteFideId "116815"]
[BlackFideId "2800055"]
[WhiteElo "2482"]
[BlackElo "2741"]
[Result "0-1"]
[Round "5"]
[TimeControl "180+2"]
[Date "2023.06.27"]
[WhiteClock "0:00:03"]
[BlackClock "0:00:13"]
[Board "58"]

1. e4 c5 2. Nf3 Nc6 3. d4 cxd4 4. Nxd4 e6 5. Be2 Nf6 6. Nc3 Bb4 7. O-O Bxc3 8. bxc3 Nxe4 9. Bd3 Nf6 10. Ba3 d6 11. Nb5 O-O 12. Nxd6 Qa5 13. Nc4 Qg5 14. Bxf8 Kxf8 15. Nd6 Qf4 16. Nxc8 Rxc8 17. Rb1 b6 18. g3 Qg5 19. Qc1 Qh5 20. Qa3+ Kg8 21. Qd6 Ne5 22. Rb5 Nf3+ 23. Kg2 Ng5 24. f4 Qh3+ 25. Kg1 Ng4 26. Bxh7+ Kxh7 27. Qd2 Ne4 28. Qg2 Qxg2+ 29. Kxg2 Ne3+ 30. Kf3 Nxf1 31. Kxe4 Rxc3 0-1


[Site "https://www.chess.com"]

[Event "Titled Tuesday Blitz June 27 Early 2023"]
[White "Yeritsyan, Hayk"]
[Black "Klukin, Kirill"]
[WhiteFideId "13307320"]
[BlackFideId "24199273"]
[WhiteElo "2473"]
[BlackElo "2739"]
[Result "0-1"]
[Round "5"]
[TimeControl "180+2"]
[Date "2023.06.27"]
[WhiteClock "0:00:00"]
[BlackClock "0:00:19"]
[Board "59"]

1. d4 Nf6 2. Nf3 e6 3. e3 d5 4. Bd3 c5 5. c3 Nc6 6. Nbd2 Bd6 7. Qe2 O-O 8. O-O e5 9. dxc5 Bxc5 10. e4 Bg4 11. exd5 Qxd5 12. Ne4 Be7 13. Nxf6+ Bxf6 14. Qe4 Qxe4 15. Bxe4 Rfd8 16. Be3 Be6 17. b3 Bd5 18. Bxd5 Rxd5 19. c4 Rd3 20. Rad1 Rad8 21. Rxd3 Rxd3 22. Rc1 e4 23. Nd2 Bb2 24. Rb1 Bd4 25. Nxe4 Bxe3 26. fxe3 Rxe3 27. Nf2 Re2 28. a3 g6 29. b4 Ra2 30. b5 Nd4 31. Ne4 Rxa3 32. Rd1 Ne6 33. Rd7 b6 34. Nf6+ Kg7 35. Nd5 Ra4 36. Nc7 Nxc7 37. Rxc7 Kf6 38. h3 h5 39. h4 Ke6 40. g3 f6 41. Kg2 Kf5 42. Kf3 Ra3+ 43. Kg2 Kg4 44. Rc6 Rxg3+ 45. Kh2 Rf3 46. Rc7 Rf2+ 47. Kg1 Rc2 48. Rxa7 Rxc4 49. Ra6 Kxh4 50. Rxb6 Rb4 51. Rxf6 g5 52. Rb6 g4 53. Rb8 Kg3 54. Kf1 h4 55. b6 h3 56. b7 h2 0-1


[Site "https://www.chess.com"]

[Event "Titled Tuesday Blitz June 27 Early 2023"]
[White "splendidkid"]
[Black "Mika, Tomasz"]
[BlackFideId "1132970"]
[WhiteElo "2727"]
[BlackElo "2455"]
[Result "1-0"]
[Round "5"]
[TimeControl "180+2"]
[Date "2023.06.27"]
[WhiteClock "0:00:07"]
[BlackClock "0:00:04"]
[Board "60"]

1. d4 Nf6 2. Nf3 e6 3. c4 d5 4. Nc3 Bb4 5. cxd5 exd5 6. Bf4 O-O 7. e3 c6 8. Bd3 Re8 9. h3 Bd6 10. Ne5 Qe7 11. Bh2 Nbd7 12. f4 c5 13. O-O c4 14. Bc2 a6 15. Qf3 Nb6 16. a4 a5 17. Kh1 Bb4 18. Rfb1 Bd7 19. g4 Bc6 20. g5 Ne4 21. Nxc6 bxc6 22. Nxe4 dxe4 23. Qe2 Qe6 24. Kg2 h6 25. h4 Nd5 26. Rh1 h5 27. Bg3 g6 28. Kf2 Ne7 29. Rac1 c3 30. bxc3 Bxc3 31. Bb1 Bb4 32. Ba2 Qd7 33. Rc4 Nf5 34. Rhc1 Rac8 35. R4c2 Kg7 36. Kg2 Rc7 37. Bf2 Rec8 38. Qc4 Nxh4+ 39. Bxh4 Qg4+ 40. Kh1 Qxh4+ 41. Rh2 Qg4 42. Rf1 Rd7 43. f5 gxf5 44. Qc2 c5 45. Qf2 cxd4 46. Rg2 Qf3 47. Qg1 Qh3+ 48. Rh2 Qg4 49. Rg2 Qh3+ 50. Rh2 Qg4 51. Qf2 dxe3 52. Qxe3 Rd2 53. Rxd2 Bxd2 54. Qxd2 Qh3+ 55. Kg1 Qg3+ 56. Qg2 Qxg2+ 57. Kxg2 Rc2+ 58. Rf2 Rxf2+ 59. Kxf2 Kg6 60. Ke3 h4 61. Kf4 h3 62. Kg3 e3 63. Bc4 Kxg5 64. Bxf7 f4+ 65. Kxh3 Kf6 66. Bh5 Ke5 67. Kg2 Ke4 68. Bg6+ Kd4 69. Kf3 Kc3 70. Bh5 Kb4 71. Be8 Kc3 72. Bb5 Kd2 73. Ba6 Kc3 74. Kxf4 Kd2 75. Kf3 Kc3 76. Kxe3 Kb4 77. Bb5 Kc5 78. Kd3 Kb6 79. Kd4 Ka7 80. Kc5 1-0


[Site "https://www.chess.com"]

[Event "Titled Tuesday Blitz June 27 Early 2023"]
[White "Aradhya, Garg"]
[Black "K2JW"]
[WhiteFideId "25006746"]
[WhiteElo "2726"]
[BlackElo "2374"]
[Result "1-0"]
[Round "5"]
[TimeControl "180+2"]
[Date "2023.06.27"]
[WhiteClock "0:00:18"]
[BlackClock "0:00:11"]
[Board "61"]

1. d4 d5 2. c4 e6 3. Nc3 Nf6 4. cxd5 exd5 5. Bg5 c6 6. e3 Bf5 7. Qf3 Bg6 8. h4 Be7 9. h5 Be4 10. Qd1 h6 11. Bf4 O-O 12. Nf3 Bd6 13. Ne5 Qc7 14. Bd3 Nbd7 15. f3 Bxd3 16. Nxd3 Bxf4 17. Nxf4 Rfe8 18. Kf2 Nb6 19. b3 c5 20. Rc1 Rac8 21. dxc5 Qxc5 22. Ncxd5 Qd6 23. Nc7 Red8 24. Qxd6 Rxd6 25. Rc2 Rcd8 26. Rhc1 a6 27. e4 R6d7 28. a4 Nc8 29. Ncd5 Nxd5 30. Nxd5 Ne7 31. Nf4 Nc6 32. Nd5 f5 33. Rc5 fxe4 34. fxe4 Ne5 35. Ke3 Nc6 36. b4 Re8 37. b5 axb5 38. axb5 Ne5 39. Rc8 Kf7 40. Rxe8 Kxe8 41. Kd4 Nf7 42. Rc8+ Rd8 43. Rc7 Nd6 44. b6 Rd7 45. Ke5 Nf7+ 46. Kf5 Nd6+ 47. Kg6 Nxe4 48. Rxd7 Kxd7 49. Kxg7 Kc6 50. Nf6 Nxf6 51. Kxf6 Kxb6 52. g4 Ka5 53. g5 hxg5 54. h6 b5 55. h7 b4 56. h8=Q b3 57. Qh5 b2 58. Qd1 b1=Q 59. Qxb1 g4 60. Kg5 g3 1-0


[Site "https://www.chess.com"]

[Event "Titled Tuesday Blitz June 27 Early 2023"]
[White "Sevian, Samuel"]
[Black "djokovic74"]
[WhiteFideId "2040506"]
[WhiteElo "3058"]
[BlackElo "2670"]
[Result "0-1"]
[Round "5"]
[TimeControl "180+2"]
[Date "2023.06.27"]
[WhiteClock "0:01:53"]
[BlackClock "0:01:09"]
[Board "62"]

1. e4 e6 2. d4 d5 3. Nd2 c5 4. Ngf3 cxd4 5. Nxd4 Nc6 6. Nxc6 bxc6 7. Bd3 Bd6 8. Qe2 Ne7 9. e5 Bc7 10. Nf3 a5 11. g3 Bb7 12. O-O Qc8 13. Rd1 c5 14. c4 dxc4 15. Bxc4 O-O 16. h4 Bd5 17. Bg5 Bxc4 18. Qxc4 Nd5 19. h5 h6 20. Bh4 Qb8 21. Qxc5 Qxb2 22. Rab1 Qxa2 23. Rb7 Qe2 24. Rxd5 Qxf3 25. Rxc7 Qxd5 26. Qe3 Rfc8 0-1


[Site "https://www.chess.com"]

[Event "Titled Tuesday Blitz June 27 Early 2023"]
[White "Korobov, Anton"]
[Black "Arhan_Anand"]
[WhiteFideId "14105730"]
[WhiteElo "2986"]
[BlackElo "2676"]
[Result "0-1"]
[Round "5"]
[TimeControl "180+2"]
[Date "2023.06.27"]
[WhiteClock "0:00:49"]
[BlackClock "0:01:16"]
[Board "63"]

1. d4 d5 2. Nf3 Nf6 3. c4 e6 4. Nc3 c6 5. Bg5 dxc4 6. e4 b5 7. e5 h6 8. Bh4 g5 9. Nxg5 hxg5 10. Bxg5 Nbd7 11. exf6 Bb7 12. h4 Qb6 13. Rh3 O-O-O 14. a4 Bb4 15. Be2 c5 16. Kf1 cxd4 17. Nxb5 d3 18. Bf3 Nc5 19. Rc1 Bd5 20. Bf4 Rd7 21. b3 cxb3 22. Bxd5 Rxd5 23. Qxb3 d2 24. Bxd2 Bxd2 25. Rc2 Kb7 26. Qg3 Ba5 27. Qg7 Rd1+ 28. Ke2 Re1+ 29. Kf3 Qc6+ 30. Kg3 Ne4+ 31. Kh2 Qxc2 32. Qxf7+ Bc7+ 33. Nxc7 Qxc7+ 0-1


[Site "https://www.chess.com"]

[Event "Titled Tuesday Blitz June 27 Early 2023"]
[White "Pap, Gyula"]
[Black "Eugene, Floryan"]
[WhiteFideId "725323"]
[BlackFideId "20694784"]
[WhiteElo "2939"]
[BlackElo "2655"]
[Result "0-1"]
[Round "5"]
[TimeControl "180+2"]
[Date "2023.06.27"]
[WhiteClock "0:00:00"]
[BlackClock "0:00:05"]
[Board "64"]

1. d4 f5 2. Nc3 Nf6 3. Bg5 e6 4. e4 fxe4 5. Nxe4 Be7 6. Bxf6 Bxf6 7. c3 O-O 8. Bd3 d6 9. Nf3 Nc6 10. Qc2 h6 11. O-O-O e5 12. h4 exd4 13. Neg5 d5 14. Kb1 Be7 15. Bh7+ Kh8 16. Bg6 dxc3 17. Bf7 Bxg5 18. Nxg5 Qxg5 19. hxg5 Rxf7 20. Rxd5 Be6 21. gxh6 Bxd5 22. hxg7+ Kxg7 23. Qxc3+ Rf6 24. Qg3+ Rg6 25. Qxc7+ Bf7 26. f3 Rxg2 27. Qxb7 Rb8 28. Qxc6 Rbxb2+ 29. Kc1 Rxa2 30. Qc3+ Kg6 31. Qd3+ Kg7 32. Qd4+ Kg6 33. Rg1 Ra1+ 0-1


[Site "https://www.chess.com"]

[Event "Titled Tuesday Blitz June 27 Early 2023"]
[White "Jones, Gawain C B"]
[Black "Lee, Qing Aun"]
[WhiteFideId "409561"]
[BlackFideId "5804167"]
[WhiteElo "2935"]
[BlackElo "2636"]
[Result "1-0"]
[Round "5"]
[TimeControl "180+2"]
[Date "2023.06.27"]
[WhiteClock "0:00:03"]
[BlackClock "0:00:00"]
[Board "65"]

1. c4 e6 2. g3 f5 3. Bg2 Nf6 4. b3 Be7 5. Bb2 O-O 6. Nf3 d6 7. d4 Ne4 8. Nfd2 d5 9. O-O Nd7 10. Nxe4 fxe4 11. f3 exf3 12. exf3 c5 13. Kh1 cxd4 14. Qxd4 Bf6 15. Qd2 dxc4 16. bxc4 Nc5 17. Bxf6 Qxf6 18. Nc3 Bd7 19. Qe3 Bc6 20. Qxc5 Qxc3 21. Rac1 Qb2 22. Qf2 Qa3 23. f4 Bxg2+ 24. Qxg2 Rad8 25. Rcd1 Qa4 26. Rxd8 Rxd8 27. Qe4 Qxa2 28. Qxe6+ Kh8 29. f5 Qd2 30. f6 gxf6 31. Qxf6+ Kg8 32. Qf7+ Kh8 33. Qxb7 Qd3 34. Qf7 Qe4+ 35. Kg1 Qd4+ 36. Kg2 Qd2+ 37. Rf2 Qd3 38. Qf6+ Kg8 39. Qe6+ Kh8 40. c5 Qd5+ 41. Qxd5 Rxd5 42. Rc2 Rd7 43. Kf3 Kg7 44. Ke4 Kf6 45. c6 Rc7 46. Kd5 Ke7 47. Re2+ Kd8 48. Rb2 Kc8 49. Re2 Rg7 50. Kd6 Rg6+ 51. Kc5 Rg5+ 52. Kc4 Kc7 53. Re7+ Kxc6 54. Rxh7 a5 55. Rh6+ Kd7 56. Kb3 Rc5 57. Ka4 Rg5 58. Rf6 Ke7 59. Rh6 Kf7 60. Rh4 Kg7 61. Rf4 Kg6 62. g4 Re5 63. h4 Rc5 64. Re4 Rd5 65. Kb3 Rd3+ 66. Kc4 Ra3 67. Kb5 Ra1 68. Ra4 Rh1 69. h5+ Kg5 70. Kxa5 Rc1 71. Kb5 Rb1+ 72. Kc5 Rc1+ 73. Kd5 Rc8 74. Rd4 Rd8+ 75. Kc4 Rc8+ 76. Kd3 Re8 77. Re4 Rf8 78. Ke3 Rf1 79. Ke2 Rf8 80. Kd3 Rf3+ 81. Kd4 Rf8 82. Kd5 Rd8+ 83. Kc6 Rf8 84. Kd7 Rf1 85. Ke7 Rf2 86. Ke6 Rf8 87. Rd4 Re8+ 88. Kf7 Ra8 89. Rd5+ 1-0


[Site "https://www.chess.com"]

[Event "Titled Tuesday Blitz June 27 Early 2023"]
[White "Asavasaetakul, Chawit"]
[Black "Lenderman, Aleksandr"]
[WhiteFideId "6204856"]
[BlackFideId "2021285"]
[WhiteElo "2615"]
[BlackElo "2933"]
[Result "1-0"]
[Round "5"]
[TimeControl "180+2"]
[Date "2023.06.27"]
[WhiteClock "0:00:45"]
[BlackClock "0:00:04"]
[Board "66"]

1. e4 e6 2. d4 d5 3. Nd2 dxe4 4. Nxe4 Nd7 5. Nf3 Ngf6 6. Bd3 c5 7. O-O Nxe4 8. Bxe4 Nf6 9. Bg5 cxd4 10. Qe2 Be7 11. Bd3 h6 12. Bh4 O-O 13. Rad1 Nd5 14. Bxe7 Qxe7 15. Nxd4 Nf4 16. Qe4 Nxd3 17. Rxd3 Rd8 18. Rfd1 Qf8 19. h4 Rb8 20. Qe5 Bd7 21. Nf5 exf5 22. Rxd7 Rxd7 23. Rxd7 Re8 24. Qxf5 Re7 25. Rxe7 Qxe7 26. g3 g6 27. Qd3 h5 28. b3 b6 29. a4 Qc7 30. Kg2 Qc6+ 31. f3 Qc7 32. c3 Qe7 33. b4 Qe6 34. Qd2 Qb3 35. Qd8+ Kh7 36. Qc7 Qc2+ 37. Kh3 Qf5+ 38. Kg2 Kg7 39. Qxa7 Qc2+ 40. Kh3 Qd1 41. Kg2 Qe2+ 42. Kg1 Qxf3 43. Qxb6 Qxg3+ 44. Kf1 Qf3+ 45. Ke1 Qxc3+ 46. Ke2 Qc4+ 47. Ke3 Qxh4 48. Qd4+ Qxd4+ 49. Kxd4 h4 50. Ke3 h3 51. Kf2 g5 52. a5 f5 53. a6 f4 54. a7 g4 55. a8=Q g3+ 56. Kf3 h2 57. Qb7+ 1-0


[Site "https://www.chess.com"]

[Event "Titled Tuesday Blitz June 27 Early 2023"]
[White "Vokhidov, Shamsiddin"]
[Black "Jia, Haoxiang"]
[WhiteFideId "14204223"]
[BlackFideId "8602999"]
[WhiteElo "2924"]
[BlackElo "2631"]
[Result "1-0"]
[Round "5"]
[TimeControl "180+2"]
[Date "2023.06.27"]
[WhiteClock "0:02:51"]
[BlackClock "0:02:12"]
[Board "67"]

1. e4 c5 2. Nf3 e6 3. d4 cxd4 4. Nxd4 a6 5. Nc3 Qc7 6. Bd3 Nf6 7. Qe2 b5 8. e5 b4 9. Ncb5 axb5 10. Nxb5 Qc6 11. exf6 gxf6 12. Be4 1-0


[Site "https://www.chess.com"]

[Event "Titled Tuesday Blitz June 27 Early 2023"]
[White "Cezila Jr, Rubens"]
[Black "Henriquez Villagra, Cristobal"]
[WhiteFideId "2116723"]
[BlackFideId "3409350"]
[WhiteElo "2612"]
[BlackElo "2890"]
[Result "0-1"]
[Round "5"]
[TimeControl "180+2"]
[Date "2023.06.27"]
[WhiteClock "0:00:14"]
[BlackClock "0:00:28"]
[Board "68"]

1. c4 d6 2. Nc3 e5 3. d3 f5 4. Nf3 Nf6 5. Bg5 Be7 6. g3 O-O 7. Bg2 a5 8. O-O c6 9. Rb1 Be6 10. a3 Nbd7 11. b4 axb4 12. axb4 h6 13. Bd2 d5 14. cxd5 cxd5 15. d4 e4 16. Ne1 Nb6 17. Nc2 Rc8 18. Ra1 Nc4 19. Na4 b6 20. Bf4 g5 21. Be5 Ng4 22. e3 Bd7 23. Na3 Bxb4 24. h3 Ngxe5 25. dxe5 Bxa4 26. Qxa4 Bxa3 27. Rxa3 Nxa3 28. Qxa3 Re8 29. Rd1 Rc5 30. g4 Rxe5 31. gxf5 Rxf5 32. Bxe4 Re5 33. Bf3 Qf6 34. Qa8+ Qf8 35. Qa1 Rf5 36. Bg2 Kh7 37. e4 Rxf2 38. exd5 Rxg2+ 39. Kxg2 Rc2+ 0-1


[Site "https://www.chess.com"]